 Dungeon Crawl Stone Soup version 0.31-a0-149-g3fdcc5976a (webtiles) character file.

Game seed: 13005094293394463623

11135 qw the Skirmisher (level 11, -1/99 HPs)
             Began as a Minotaur Hunter on June 7, 2023.
             Was an Elder of Okawaru.
             Slain by Urug
             ... wielding a +3 long sword of electrocution
              (11 damage)
             ... on level 10 of the Dungeon.
             The game lasted 00:03:30 (7542 turns).

qw the Skirmisher (Minotaur Hunter)                 Turns: 7542, Time: 00:03:30

Health: -1/99      AC: 14    Str: 15    XL:     11   Next: 45%
Magic:  14/14      EV: 22    Int:  6    God:    Okawaru [****..]
Gold:   466        SH:  0    Dex: 22    Spells: 10/10 levels left

rFire   + . .        a - +0 longbow
rCold   . . .        (shield currently unavailable)
rNeg    . . .        n - +3 leather armour {rF+}
rPois   .            (helmet restricted)
rElec   .            j - +0 cloak
rCorr   .            o - +0 pair of gloves {Dex+3}
SInv    +            (no boots)
Will    .....        b - amulet of regeneration
Stlth   +++          k - ring of see invisible
HPRegen 1.16/turn    h - +4 ring of protection
MPRegen 0.14/turn

%: no passive effects
@: about to teleport, heroic
A: horns 2, retaliatory headbutt
a: Renounce Religion, Heroism, Finesse


You were on level 10 of the Dungeon.
You worshipped Okawaru.
Okawaru was greatly pleased with you.
You visited 1 branch of the dungeon, and saw 10 of its levels.

You collected 466 gold pieces.


Innate Abilities, Weirdness & Mutations

You have a pair of horns on your head.
You reflexively headbutt those who attack you in melee.


   Skills:
 - Level 10.0(15.0) Fighting
 + Level 14.2(19.2) Ranged Weapons
 - Level 5.1(10.1) Armour
 - Level 8.0(13.0) Dodging
 - Level 0.7(5.7) Stealth
 + Level 6.6 Invocations


You had 10 spell levels left.
You didn't know any spells.
Your spell library was empty.

Inventory:

Hand Weapons
 a - a +0 longbow (weapon)
Armour
 j - a +0 cloak (worn)
 n - a +3 leather armour of fire resistance (worn)
 o - a +0 pair of gloves of dexterity (worn)
 q - a +0 troll leather armour
Jewellery
 b - an amulet of regeneration (around neck)
 g - a ring of fire
 h - a +4 ring of protection (right hand)
 i - a ring of willpower
 k - a ring of see invisible (left hand)
 m - a ring of protection from cold
 r - the ring "Vopozesuo" {Contam rF+ rCorr Int+9}
   (You found it on level 9 of the Dungeon)

   [ring of protection from fire]

   Int:       It affects your intelligence (+9).
   rF:        It protects you from fire.
   Contam:    It causes magical contamination when unequipped.
   rCorr:     It protects you from acid and corrosion.
Wands
 l - a wand of digging (9)
Scrolls
 c - 3 scrolls of teleportation
 f - 2 scrolls of identify
Potions
 d - a potion of magic
 e - 3 potions of curing
 p - a potion of haste

Dungeon Overview and Level Annotations

Branches:
Dungeon (10/15)            Temple (0/1) D:5             Orc (0/2) D:9
   Lair: D:8-11

Altars:
Ashenzari
Dithmenos
Elyvilon
Hepliaklqana
Makhleb
Okawaru
Ru
Sif Muna
Trog
Uskayaw
Vehumet
Wu Jian
Xom
Yredelemnul
Zin
The Shining One

Shops:
D:3 [

Annotations:
D:10 Urug


Message History

A two-headed ogre comes into view.
It is wielding a +0 dire flail and a +0 giant club.
You shoot an arrow. The arrow hits Urug!
Urug is moderately wounded.
You feel sick.
You shoot an arrow. The arrow hits Urug!
Urug is heavily wounded.
Urug hits you with a +3 long sword of electrocution.
The wraith misses you. You furiously retaliate!
You headbutt the wraith! You shoot an arrow. The arrow barely misses Urug.
You feel sick. Urug hits you but does no damage.
You are electrocuted!
The wraith completely misses you.
You shoot an arrow. The arrow hits Urug.
Urug is heavily wounded.
You feel sick. Urug misses you. The wraith misses you.
The two-headed ogre closely misses you. The two-headed ogre misses you.
You shoot an arrow. The arrow barely misses Urug.
You feel sick.
You are no longer poisoned.
Urug hits you with a +3 long sword of electrocution!!
The wraith completely misses you.
You shoot an arrow. The arrow hits Urug!
Urug is severely wounded.
The two-headed ogre hits you but does no damage.
The two-headed ogre barely misses you.
You shoot an arrow. The arrow hits Urug but does no damage.
Urug is severely wounded.
Urug hits you with a +3 long sword of electrocution!!
The wraith completely misses you.
7541 ||| READING 4 scrolls of teleportation.
As you read the scroll of teleportation, it crumbles to dust.
You feel strangely unstable. Urug hits you but does no damage.
The wraith barely misses you. You furiously retaliate!
You headbutt the wraith, but do no damage.
The two-headed ogre misses you. You furiously retaliate!
You headbutt the two-headed ogre. The two-headed ogre misses you.
You shoot an arrow. The arrow hits Urug!
Urug is almost dead.
Urug hits you with a +3 long sword of electrocution!
You die...

)'........../.+.
#............##
#............# ##
#........#####
##..####........#
##.$.....#........#
##.. ##..#.#######
#.... ##.....#
#...#O@.#.##
#..$Wo##.#
##[..###.# #..)..
#.# #...#...#.#
....###....# .#..#
#o.. .... ?### ###
.#


You could see Urug, a two-headed ogre and a wraith.

Vanquished Creatures
  A boulder beetle (D:9)
  2 two-headed ogres
  Pikel (D:9)
  An ugly thing (D:9)
  Joseph (D:8)
  Maggie (D:8)
  A troll (D:9)
  2 hornets
  A slime creature (D:9)
  A vampire (D:9)
  4 wyverns
  2 wraiths
  2 steam dragons
  A basilisk (D:10)
  Menkaure (D:7)
  6 water moccasins
  7 orc warriors
  4 black bears
  2 ice beasts
  An ogre (D:6)
  4 centaurs
  3 lemures (D:9)
  2 kobold brigands
  A phantom (D:4)
  4 bullfrogs
  2 gnoll sergeants
  5 scorpions
  6 wights
  23 killer bees
  6 howler monkeys
  A crimson imp (D:6)
  3 hounds
  A jelly (D:4)
  8 orc priests
  A gnoll bouda (D:8)
  5 iguanas
  A sleepcap (D:5)
  7 orc wizards
  6 adders
  9 gnolls
  A white imp (D:5)
  A worm (D:2)
  A dart slug (D:2)
  27 orcs
  4 bats
  9 endoplasms
  2 giant cockroaches (D:1)
  5 goblins
  7 hobgoblins
  2 jackals (D:1)
  5 quokkas
  5 ball pythons
  4 frilled lizards
  14 kobolds
  9 rats
236 creatures vanquished.

Notes
Turn   | Place    | Note
-------+----------+-------------------------------------------
     0 | D:1      | qw the Minotaur Hunter began the quest for the Orb.
     0 | D:1      | Reached XP level 1. HP: 18/18 MP: 0/0
     0 | D:1      | 0 ||| qw: Version: 0.2-a-117-gc6b5c8b
     0 | D:1      | 0 ||| qw: Game counter: 2663
     0 | D:1      | 0 ||| qw: Always use a shield: true
     0 | D:1      | 0 ||| qw: God list: Okawaru
     0 | D:1      | 0 ||| qw: Allow faded altars: false
     0 | D:1      | 0 ||| qw: Do Orc after D:15 true
     0 | D:1      | 0 ||| qw: Do second Lair branch before Depths: true
     0 | D:1      | 0 ||| qw: Lair rune preference: random
     0 | D:1      | 0 ||| qw: Plans: Normal
     0 | D:1      | 0 ||| PLANNING D:1-11
   288 | D:1      | Reached XP level 2. HP: 25/25 MP: 1/1
   304 | D:1      | Reached skill level 5 in Ranged Weapons
   380 | D:1      | Reached skill level 3 in Fighting
   748 | D:1      | 748 ||| UPGRADING to +0 ring mail.
   758 | D:1      | 758 ||| DROPPING +0 leather armour.
   759 | D:1      | 759 ||| READING scroll labelled EBOGIUTERE.
   760 | D:1      | 760 ||| READING scroll labelled UNADAH KY HEAR.
   764 | D:1      | 764 ||| READING 2 scrolls labelled HUADWE RUINNYLA.
   765 | D:1      | 765 ||| READING scroll labelled LEWEARR CENN.
   766 | D:1      | 766 ||| READING scroll labelled DEOPLADDILY.
   767 | D:1      | 767 ||| READING scroll labelled TUZXEMP VUOTHA.
   768 | D:1      | 768 ||| DROPPING scroll of butterflies.
   797 | D:2      | Reached XP level 3. HP: 30/31 MP: 2/2
   914 | D:2      | Reached skill level 1 in Armour
   919 | D:2      | 919 ||| Stepping ~*~*~tactically~*~*~ (outnumbered).
   922 | D:2      | 922 ||| Stepping ~*~*~tactically~*~*~ (outnumbered).
   929 | D:2      | HP: 6/31 [gnoll/+1 vampiric spear (6)]
  1121 | D:2      | Reached XP level 4. HP: 38/38 MP: 3/3
  1207 | D:2      | Found an iron altar of Okawaru.
  1208 | D:2      | 1208 ||| PLANNING OKAWARU WORSHIP
  1208 | D:2      | 1208 ||| READING 2 scrolls labelled GUKHLO ZIUT.
  1209 | D:2      | 1209 ||| READING scroll of enchant weapon.
  1209 | D:2      | 1209 ||| ENCHANTING +1 heavy shortbow.
  1210 | D:2      | 1210 ||| READING 3 scrolls of identify.
  1210 | D:2      | 1210 ||| IDENTIFYING clear potion
  1211 | D:2      | 1211 ||| READING 2 scrolls of identify.
  1211 | D:2      | 1211 ||| IDENTIFYING bubbling silvery potion
  1212 | D:2      | 1212 ||| DROPPING potion of attraction.
  1213 | D:2      | 1213 ||| DROPPING potion of enlightenment.
  1219 | D:2      | Became a worshipper of Warmaster Okawaru
  1219 | D:2      | 1219 ||| PLANNING D:1-11
  1620 | D:3      | Reached skill level 6 in Ranged Weapons
  1711 | D:3      | Found Pueqerr's Antique Armour Shoppe.
  1714 | D:3      | 1714 ||| SHOPLISTING dyed leather armour (150 gold, have
                  | 63).
  1714 | D:3      | 1714 ||| SHOPLISTING embroidered robe (111 gold, have 63).
  1714 | D:3      | 1714 ||| SHOPLISTING pair of boots (135 gold, have 63).
  1714 | D:3      | 1714 ||| SHOPLISTING warped ring mail (270 gold, have 63).
  1876 | D:3      | Found a sacrificial altar of Ru.
  2040 | D:3      | 2040 ||| UPGRADING to ring of willpower.
  2109 | D:4      | Reached XP level 5. HP: 41/46 MP: 4/4
  2145 | D:4      | Reached skill level 7 in Ranged Weapons
  2145 | D:4      | Noticed a black bear
  2150 | D:4      | Killed a black bear
  2150 | D:4      | Reached * piety under Okawaru
  2151 | D:4      | Reached XP level 6. HP: 52/52 MP: 5/5
  2168 | D:4      | 2168 ||| INVOKING Heroism.
  2173 | D:4      | Reached skill level 1 in Invocations
  2223 | D:4      | Reached skill level 8 in Ranged Weapons
  2316 | D:4      | 2316 ||| READING scroll of enchant weapon.
  2316 | D:4      | 2316 ||| ENCHANTING +2 heavy shortbow.
  2321 | D:4      | Found a glowing silver altar of Zin.
  2372 | D:4      | Found a bloodstained altar of Trog.
  2424 | D:4      | Reached XP level 7. HP: 60/60 MP: 7/7
  2485 | D:4      | 2485 ||| INVOKING Heroism.
  2628 | D:4      | 2628 ||| UPGRADING to amulet of the acrobat.
  2633 | D:4      | 2633 ||| UPGRADING to +4 ring of protection.
  2634 | D:4      | 2634 ||| READING scroll labelled IDIUSABBUTH.
  2635 | D:4      | 2635 ||| READING scroll labelled ULICOTZ YFOMM.
  2636 | D:4      | 2636 ||| READING 3 scrolls of identify.
  2636 | D:4      | 2636 ||| IDENTIFYING fizzy coppery potion
  2637 | D:4      | 2637 ||| READING 2 scrolls of identify.
  2637 | D:4      | 2637 ||| IDENTIFYING puce potion
  2638 | D:4      | 2638 ||| DROPPING potion of lignification.
  2661 | D:5      | Entered Level 5 of the Dungeon
  2666 | D:5      | 2666 ||| STAIRDANCE
  2708 | D:5      | 2708 ||| STAIRDANCE
  2711 | D:4      | Reached skill level 3 in Invocations
  2780 | D:5      | Identified the +1 trident "Impslayer" {freeze, rF+ rCorr
                  | Dex+2}
  2781 | D:5      | Identified the +2 long sword "Giantbane" {heavy, Int+3}
  2793 | D:5      | Reached skill level 3 in Dodging
  2794 | D:5      | 2794 ||| INVOKING Heroism.
  2811 | D:5      | Reached ** piety under Okawaru
  2812 | D:5      | 2812 ||| INVOKING Heroism.
  2953 | D:5      | Found a staircase to the Ecumenical Temple.
  3019 | D:5      | Reached XP level 8. HP: 68/68 MP: 10/10
  3087 | D:5      | 3087 ||| INVOKING Heroism.
  3090 | D:5      | Reached skill level 9 in Ranged Weapons
  3313 | D:5      | Found a basalt altar of Yredelemnul.
  3446 | D:5      | 3446 ||| UPGRADING to amulet of regeneration.
  3456 | D:5      | 3456 ||| DROPPING amulet of the acrobat.
  3457 | D:5      | 3457 ||| UPGRADING to ring of see invisible.
  3459 | D:5      | 3459 ||| READING scroll labelled JAXEM FUONKOHA.
  3460 | D:5      | 3460 ||| DRINKING 3 golden potions.
  3519 | D:6      | Reached skill level 6 in Fighting
  3524 | D:6      | 3524 ||| INVOKING Heroism.
  3539 | D:6      | You fall into a shaft and drop 2 floors!
  3593 | D:7      | 3593 ||| SWAPPING to +0 longbow.
  3594 | D:7      | 3594 ||| DROPPING +3 heavy shortbow.
  3609 | D:7      | 3609 ||| INVOKING Heroism.
  3621 | D:7      | 3621 ||| INVOKING Heroism.
  3627 | D:7      | Reached skill level 10 in Ranged Weapons
  3700 | D:6      | Found a shadowy altar of Dithmenos.
  3706 | D:6      | 3706 ||| INVOKING Heroism.
  3753 | D:6      | 3753 ||| INVOKING Heroism.
  3882 | D:6      | 3882 ||| INVOKING Heroism.
  3911 | D:6      | 3911 ||| INVOKING Heroism.
  3912 | D:6      | 3912 ||| Stepping ~*~*~tactically~*~*~ (cloud).
  3918 | D:6      | Reached XP level 9. HP: 45/79 MP: 8/11
  3990 | D:6      | Found a burning altar of Makhleb.
  3991 | D:6      | Found a shimmering altar of Xom.
  4137 | D:6      | 4137 ||| UPGRADING to +0 steam dragon scales.
  4147 | D:6      | 4147 ||| DROPPING +0 ring mail.
  4148 | D:6      | 4148 ||| READING 2 scrolls of identify.
  4148 | D:6      | 4148 ||| IDENTIFYING glowing grey potion
  4149 | D:6      | 4149 ||| DROPPING potion of brilliance.
  4191 | D:7      | 4191 ||| INVOKING Heroism.
  4340 | D:7      | Reached skill level 11 in Ranged Weapons
  4346 | D:7      | Found a hazy altar of Hepliaklqana.
  4441 | D:7      | Noticed Menkaure
  4442 | D:7      | 4442 ||| INVOKING Heroism.
  4444 | D:7      | Killed Menkaure
  4509 | D:7      | Found an ornate altar of the Wu Jian Council.
  4600 | D:7      | Found a glowing golden altar of the Shining One.
  4605 | D:7      | Found a hide-covered altar of Uskayaw.
  4704 | D:7      | Found a broken altar of Ashenzari.
  4827 | D:7      | 4827 ||| FLEEEEING.
  4886 | D:7      | Reached skill level 12 in Ranged Weapons
  4972 | D:7      | 4972 ||| DRINKING 2 bubbling ruby potions.
  4973 | D:7      | 4973 ||| DROPPING potion of invisibility.
  5039 | D:8      | Found a white marble altar of Elyvilon.
  5065 | D:8      | Found a radiant altar of Vehumet.
  5065 | D:8      | Noticed a two-headed ogre
  5066 | D:8      | 5066 ||| INVOKING Heroism.
  5070 | D:8      | Killed a two-headed ogre
  5071 | D:8      | Reached skill level 9 in Fighting
  5174 | D:8      | Reached XP level 10. HP: 91/91 MP: 12/12
  5183 | D:8      | 5183 ||| Stepping ~*~*~tactically~*~*~ (outnumbered).
  5187 | D:8      | Reached *** piety under Okawaru
  5210 | D:8      | Reached skill level 6 in Dodging
  5211 | D:8      | 5211 ||| INVOKING Heroism.
  5226 | D:8      | 5226 ||| FLEEEEING.
  5229 | D:8      | 5229 ||| FLEEEEING.
  5283 | D:8      | Noticed Joseph
  5290 | D:8      | 5290 ||| FLEEEEING.
  5291 | D:8      | 5291 ||| FLEEEEING.
  5292 | D:8      | 5292 ||| FLEEEEING.
  5293 | D:8      | 5293 ||| FLEEEEING.
  5294 | D:8      | 5294 ||| FLEEEEING.
  5295 | D:8      | 5295 ||| FLEEEEING.
  5297 | D:8      | 5297 ||| FLEEEEING.
  5302 | D:8      | 5302 ||| FLEEEEING.
  5303 | D:8      | 5303 ||| FLEEEEING.
  5304 | D:8      | 5304 ||| FLEEEEING.
  5305 | D:8      | 5305 ||| FLEEEEING.
  5316 | D:8      | 5316 ||| INVOKING Heroism.
  5323 | D:8      | Killed Joseph
  5428 | D:8      | 5428 ||| INVOKING Heroism.
  5522 | D:8      | Noticed Maggie
  5536 | D:8      | Killed Maggie
  5537 | D:8      | Reached skill level 13 in Ranged Weapons
  5629 | D:8      | Found a shimmering blue altar of Sif Muna.
  5892 | D:8      | 5892 ||| UPGRADING to +2 pair of gloves.
  5897 | D:8      | 5897 ||| UPGRADING to +3 leather armour of fire resistance.
  5907 | D:8      | 5907 ||| DROPPING +0 steam dragon scales.
  5908 | D:8      | 5908 ||| UPGRADING to +0 pair of gloves of dexterity.
  5918 | D:8      | 5918 ||| DROPPING +2 pair of gloves.
  5919 | D:8      | 5919 ||| DROPPING amulet of magic regeneration.
  6010 | D:9      | 6010 ||| Stepping ~*~*~tactically~*~*~ (outnumbered).
  6012 | D:9      | 6012 ||| Stepping ~*~*~tactically~*~*~ (outnumbered).
  6014 | D:9      | 6014 ||| Stepping ~*~*~tactically~*~*~ (outnumbered).
  6020 | D:9      | 6020 ||| INVOKING Heroism.
  6048 | D:9      | Noticed a boulder beetle
  6049 | D:9      | 6049 ||| INVOKING Heroism.
  6060 | D:9      | Killed a boulder beetle
  6098 | D:9      | 6098 ||| UPGRADING to +0 cloak.
  6112 | D:9      | Noticed a two-headed ogre
  6113 | D:9      | 6113 ||| INVOKING Heroism.
  6118 | D:9      | Noticed a green ugly thing
  6120 | D:9      | Killed a two-headed ogre
  6133 | D:9      | Reached **** piety under Okawaru
  6135 | D:9      | Killed a green ugly thing
  6136 | D:9      | Reached skill level 14 in Ranged Weapons
  6141 | D:9      | HP: 22/91 [poisoned by a green ugly thing]
  6146 | D:9      | HP: 19/91 [poisoned by a green ugly thing]
  6253 | D:9      | Identified the +8 hand axe "Rale" {heavy, rN+ Int+3 Dex+2}
  6264 | D:9      | Reached XP level 11. HP: 97/97 MP: 13/13
  6281 | D:9      | Noticed Pikel
  6293 | D:9      | Killed Pikel
  6357 | D:9      | 6357 ||| INVOKING Heroism.
  6515 | D:9      | 6515 ||| INVOKING Heroism.
  6632 | D:9      | 6632 ||| Stepping ~*~*~tactically~*~*~ (outnumbered).
  6749 | D:9      | Found a staircase to the Orcish Mines.
  6751 | D:9      | 6751 ||| INVOKING Heroism.
  6959 | D:9      | 6959 ||| READING 3 scrolls of identify.
  6959 | D:9      | 6959 ||| IDENTIFYING silvery potion
  6977 | D:9      | 6977 ||| INVOKING Heroism.
  6980 | D:9      | Reached skill level 6 in Invocations
  7012 | D:9      | Identified the +7 scimitar of Riathrila {vamp, +Blink
                  | Int+2}
  7029 | D:9      | Identified the ring "Vopozesuo" {Contam rF+ rCorr Int+9}
  7031 | D:9      | 7031 ||| DROPPING +2 leather armour of cold resistance.
  7074 | D:10     | Entered Level 10 of the Dungeon
  7079 | D:10     | 7079 ||| STAIRDANCE
  7081 | D:9      | 7081 ||| INVOKING Heroism.
  7139 | D:10     | 7139 ||| INVOKING Heroism.
  7300 | D:10     | 7300 ||| INVOKING Heroism.
  7522 | D:10     | Noticed Urug
  7523 | D:10     | 7523 ||| INVOKING Heroism.
  7525 | D:10     | 7525 ||| Stepping ~*~*~tactically~*~*~ (outnumbered).
  7528 | D:10     | Paralysed by a hornet for 1 turns
  7533 | D:10     | Noticed a two-headed ogre
  7540 | D:10     | HP: 8/99 [Urug/+3 long sword of electrocution (19)]
  7541 | D:10     | 7541 ||| READING 4 scrolls of teleportation.
  7542 | D:10     | Slain by Urug

Levels and vault maps discovered:
D:1:      ncdulo_smallfort, layout_basic, serial_aquarium,
          aquarium_bridge_long_joined [aquarium_subvault_bridge,
          aquarium_subvault_wall, aquarium_subvault_window,
          aquarium_subvault_wall, aquarium_subvault_bridge,
          aquarium_subvault_bridge], aquarium_window_fake,
          aquarium_window_corridor_2, aquarium_view_2e, aquarium_view_2d
D:2:      layout_loops_cross, basic_altar
D:3:      layout_basic, nicolae_ru_path_of_blood, serial_shops,
          nicolae_shop_behind_doors, minmay_stone_trees_small
D:4:      layout_rooms, lemuel_doored_altar, mainiacjoe_overflow_catwalk,
          chequers_serial_rivers_marsh
D:5:      nicolae_cairo_tiling_large_dashed, layout_rooms,
          nicolae_overflow_crystal_walls, minmay_temple_entry_wispy,
          serial_glass, glass_columns_b, glass_columns_a,
          kennysheep_windowed_goal
D:6:      layout_rooms, grunt_temple_overflow_champion_of_chaos,
          nicolae_dithmenos_the_darkroom
D:7:      layout_loops_ring, nicolae_wu_jian_immortal_techniques,
          amethyst_overflow_temple_binary, mainiacjoe_overflow_small_starburst,
          nicolae_ashenzari_panopticon, uniq_menkaure
D:8:      layout_basic, mainiacjoe_overflow_tiny_flanked,
          mainiacjoe_overflow_six_doors_small,
          mainiacjoe_overflow_surrounded_room, uniq_maggie, uniq_joseph
D:9:      minmay_the_grid_plus [minmay_the_grid_zigzag_pyramid,
          minmay_the_grid_mess, minmay_the_grid_square_x, minmay_the_grid_x,
          minmay_the_grid_prize_trominoes], layout_irregular_city,
          bh_walls_and_bars, uniq_pikel
D:10:     layout_basic, grunt_lair_entry_orc_guard_hut, minmay_circle_x,
          uniq_urug

Skill      XL: |  1  2  3  4  5  6  7  8  9 10 11 |
---------------+----------------------------------+-----
Ranged Weapons | 5 6 7 8 10 12 14 | 14.2
Fighting       | 3 4 5 7 9 10 | 10.0
Armour         | 1 2 5 |  5.1
Invocations    | 2 4 6 |  6.6
Dodging        | 3 4 5 7 8 |  8.0
Stealth        | |  0.7

Action                     |  1- 3 |  4- 6 |  7- 9 | 10-12 || total
---------------------------+-------+-------+-------+-------++-------
   Fire: Shortbow          |    71 |    76 |   107 |       ||   254
         Longbow           |       |       |   130 |   337 ||   467
 Invoke: Heroism           |       |     1 |    14 |    14 ||    29
    Use: Scroll            |     6 |     5 |     6 |     2 ||    19
         Potion            |       |       |     2 |       ||     2
 Armour: Ring mail         |     6 |     7 |    54 |       ||    67
         Leather armour    |     2 |       |       |    50 ||    52
         Steam dragon scal |       |       |     7 |     9 ||    16
  Dodge: Dodged            |    22 |    12 |   113 |   209 ||   356

Table legend:
 A = Non-vault XP
 B = Vault XP
 C = Vault XP percentage of total XP
 D = Non-vault monster count
 E = Vault monster count
 F = Vault count percentage of total count
                 A         B        C        D         E       F
            +---------+---------+-------+---------+---------+-------
      Total |    9891 |    6017 |  37.8 |     205 |      28 |  12.0
            +---------+---------+-------+---------+---------+-------
        D:1 |      39 |       0 |   0.0 |      24 |       0 |   0.0
        D:2 |      68 |       0 |   0.0 |      15 |       0 |   0.0
        D:3 |      41 |       0 |   0.0 |      18 |       0 |   0.0
        D:4 |     828 |       0 |   0.0 |      24 |       0 |   0.0
        D:5 |     783 |      10 |   1.3 |      18 |       1 |   5.3
        D:6 |    1139 |      48 |   4.0 |      15 |       1 |   6.2
        D:7 |    1371 |     172 |  11.1 |      24 |       1 |   4.0
        D:8 |    2069 |     884 |  29.9 |      24 |       2 |   7.7
        D:9 |    2934 |    4015 |  57.8 |      29 |      17 |  37.0
       D:10 |     619 |     888 |  58.9 |      14 |       6 |  30.0
            +---------+---------+-------+---------+---------+-------
